AoeStats
← the.emptydeere

Arabia

510919377Analyzed
1v1 RM · 18h ago on Oct 3, 2026· 58m 2s· 2 players
Game mode
Random Map
Map size
Tiny (2 player)
Population
200
Speed
Normal
Resources
Standard
Victory
Conquest
Starting age
Dark Age
Ending age
Imperial Age
RankedLock teamsTeams togetherTeam positionsShared explorationLock speedFull tech treeHidden civsTurbo modeCheats
Victory
Defeat
🇨🇦 Byzantines · Canada
891
+15
🇺🇸 Bulgarians · United States
864
-15
the.emptydeere
11:39 Feudal Age
16:32 Loom
20:58 Castle Age
19:28 Scale Mail Armor
24:37 Arson
24:38 Gambesons
26:40 Scale Barding Armor
31:45 Fletching
34:30 Horse Collar
35:38 Chain Barding Armor
35:58 Double-Bit Axe
38:29 Ballistics
38:24 Masonry
38:30 Forging
38:18 Bodkin Arrow
44:33 Imperial Age
45:07 Squires
44:57 Capped Ram
47:17 Bloodlines
47:14 Elite Skirmisher
48:40 Wheelbarrow
48:59 Padded Archer Armor
49:00 Bracer
50:00 Hand Cart
49:59 Town Watch
50:35 Chain Mail Armor
50:56 Iron Casting
50:38 Leather Archer Armor
52:31 Chemistry
53:24 Cavalier
56:36 Plate Barding Armor
bar2nice
7:27 Loom
10:14 Feudal Age
10:34 Man-at-Arms
23:37 Castle Age
22:39 Fletching
22:44 Gold Mining
22:43 Double-Bit Axe
22:50 Horse Collar
23:49 Crossbowman
30:03 Wheelbarrow
33:45 Thumb Ring
36:45 Pikeman
37:44 Husbandry
37:42 Bodkin Arrow
37:49 Scale Mail Armor
38:51 Bow Saw
38:46 Heavy Plow
39:24 Squires
42:33 Imperial Age
41:19 Ballistics
40:56 Murder Holes
42:33 Hand Cart
43:44 Arbalester
44:30 Bracer
44:47 Chain Mail Armor
46:52 Chemistry
46:17 Forging
47:08 Halberdier
48:46 Padded Archer Armor
49:38 Crop Rotation
50:00 Elite Skirmisher
51:49 Conscription
51:51 Arson
54:13 Plate Mail Armor
54:19 Iron Casting
54:53 Scale Barding Armor
Connection lost

Rejoining the realm…

Still unreachable

The connection could not be restored.

Session expired

The server has moved on; the page needs a fresh start.